 Dungeon Crawl Stone Soup version 0.17-a0-1842-gacc33f2 (webtiles) character file.

186 kae the Poker (level 5, -6/49 HPs)
             Began as a Naga Fighter on Sept 17, 2015.
             Was an Initiate of Cheibriados.
             Mangled by an iguana (12 damage)
             ... on level 3 of the Dungeon.
             The game lasted 00:02:11 (2303 turns).

kae the Poker (Naga Fighter)                        Turns: 2303, Time: 00:02:12

Health: -6/49      AC:  5    Str: 19    XL:     5   Next: 65%
Magic:  5/5        EV:  5    Int: 10    God:    Cheibriados [......]
Gold:   108        SH:  8    Dex: 12    Spells: 0 memorised, 4 levels left

rFire  . . .     SeeInvis +     a - +0 trident
rCold  . . .     Clarity  .     b - +0 scale mail
rNeg   . . .     SustAt   .     c - +0 shield
rPois  +         Gourm    .     (no helmet)
rElec  .         Spirit   .     (no cloak)
rCorr  .         Warding  .     (no gloves)
rMut   .         Stasis   .     (no barding)
MR     .....                    (no amulet)
Stlth  ..........               (no ring)
                                (no ring)

@: short of breath, very slow, not resistant to hostile enchantments, extremely
unstealthy
A: see invisible, deformed body, poison resistance, slowness 2, slow metabolism
1, spit poison 2, AC +1
a: Spit Poison, Bend Time, Renounce Religion


You were on level 3 of the Dungeon.
You worshipped Cheibriados.
Cheibriados was noncommittal.
You were hungry.

You visited 1 branch of the dungeon, and saw 3 of its levels.

You collected 108 gold pieces.

Inventory:

Hand weapons
 a - a +0 trident (weapon)
Armour
 b - a +0 scale mail (worn)
 c - a +0 shield (worn)
Magical devices
 m - a wand of slowing (20)
Scrolls
 f - a scroll of enchant armour {unknown}
 j - a scroll of identify {unknown}
 k - a scroll of recharging {unknown}
 l - a scroll of fear {unknown}
 n - a scroll of teleportation {unknown}
Potions
 d - a potion of might
 g - a potion of flight {unknown}
 h - a potion of haste {unknown}
Comestibles
 e - 3 bread rations
 i - 5 fruits


   Skills:
 - Level 3.0 Fighting
 + Level 5.7 Polearms
 - Level 2.4 Armour
 - Level 2.4 Shields


You had 4 spell levels left.
You didn't know any spells.

Dungeon Overview and Level Annotations

Branches:
Dungeon (3/15)

Altars:
Cheibriados
Ru


Innate Abilities, Weirdness & Mutations

You cannot wear boots.
Your serpentine skin is tough (AC +1).
You have supernaturally acute eyesight.
Armour fits poorly on your strangely shaped body.
Your system is resistant to poisons.
You cover ground very slowly.
You have a slow metabolism.
You can spit poison.


Message History

You block the iguana's attack.
You hit the iguana.
The iguana is heavily wounded.
You block the iguana's attack.
You closely miss the iguana.
The iguana is heavily wounded.
The iguana bites you.
You hit the iguana.
The iguana is severely wounded.
The iguana bites you!
* * * LOW HITPOINT WARNING * * *
You are too injured to fight recklessly!
You are too injured to fight recklessly!
Use which ability?
Press: ? - help, Shift-Dir - straight line, f - iguana
Aim: an iguana (severely wounded)
The splash of poison hits the iguana.
The iguana appears unharmed.
The iguana is severely wounded.
You feel slightly more hungry. The iguana bites you!
You die...

....................# #.#
#.#.#.#.#.#.#.#.#.#.# #.#
...................)###########.#
.#.#.#.#.#.#.#.#.#.#.........>#.#
......................#######.#.#
#.#.#†#.#.#.#.#.#.#..###........#
...................### #........#
.#.#.#.#.#.#.#.#.#.# #........#
...............l@.# #........#
..#.#.#.#.#.#.#.#.# #........#
................)## #.......##
##.#.#.#.#.#.#.#.# ##########
##..............# #
#.#.#.#.#.#.#..# #
##.............# #
#>####.######.# # . #. #.## #


You could see an iguana.

Vanquished Creatures
  A centaur (D:3)
  5 adders
  2 worms (D:3)
  A giant gecko (D:2)
  An orc (D:3)
  8 hobgoblins
  7 jackals
  2 kobolds (D:2)
  A quokka (D:2)
  7 bats
  3 giant cockroaches
  2 giant newts
  10 goblins
  3 rats (D:2)
53 creatures vanquished.

Vanquished Creatures (others)
  A rat (D:1)
1 creature vanquished.

Grand Total: 54 creatures vanquished

Notes
Turn   | Place    | Note
--------------------------------------------------------------
     0 | D:1      | kae the Naga Fighter began the quest for the Orb.
     0 | D:1      | Reached XP level 1. HP: 21/21 MP: 1/1
    97 | D:1      | Reached XP level 2. HP: 25/28 MP: 2/2
   783 | D:2      | Reached XP level 3. HP: 34/34 MP: 3/3
   892 | D:2      | Found a sacrificial altar of Ru.
  1088 | D:2      | Reached skill level 4 in Polearms
  1125 | D:2      | Found a snail-covered altar of Cheibriados.
  1125 | D:2      | Found a sacrificial altar of Ru.
  1148 | D:2      | Reached XP level 4. HP: 42/42 MP: 4/4
  1160 | D:2      | Became a worshipper of Cheibriados the Contemplative
  1982 | D:3      | Noticed a centaur
  1991 | D:3      | Killed a centaur
  1991 | D:3      | Reached skill level 5 in Polearms
  1991 | D:3      | Reached XP level 5. HP: 4/49 MP: 5/5
  2303 | D:3      | Mangled by an iguana

Vault maps used:
D:1:      lightli_arrival_maybe_door_vault, lemuel_old_faithful
D:2:      gammafunk_temple_overflow_wave, hangedman_ru_absence
D:3:      elyvilon_altar_3, first_bread, nrook_mini_backslash, hex_large

Action                   |  1- 3 |  4- 6 || total
-------------------------+-------+-------++-------
Melee: Trident           |   131 |   104 ||   235
 Abil: Spit Poison       |       |     1 ||     1
  Eat: Chunk             |       |     3 ||     3
